 Dungeon Sprint DCSS version 0.21.1-1-g345015f (webtiles) character file.

8119 Fang the Cleaver (level 11, -7/94 (97) HPs)
             Began as a Demonspawn Berserker on Apr 18, 2018.
             Was the Champion of Trog.
             Mangled by a dire flail of draining (8 damage)
             ... in the Dungeon (Sprint V: "Ziggurat Sprint").
             The game lasted 00:09:21 (1311 turns).

Fang the Cleaver (Demonspawn Berserker)             Turns: 1311, Time: 00:09:22

HP:   -7/94 (97)    AC: 24    Str: 27    XL:     11   Next: 5%
MP:   13/13         EV: 13    Int: 14    God:    Trog [******]
Gold: 0             SH: 25    Dex: 13    Spells: 13/13 levels left

rFire    + . .     SeeInvis .   u - +6 war axe (venom)
rCold    . . .     Gourm    .   k - +7 large shield
rNeg     . . .     Faith    .   b - +8 chain mail "Zeneink" {*Corrode +Fly rElec Int+6}
rPois    .         Spirit   .   (no helmet)
rElec    +         Reflect  .   (no cloak)
rCorr    .         Harm     .   (no gloves)
MR       .....     NoTele   +   (no boots)
Stlth    ..........             A - amulet of the Air {Inacc +Fly rElec EV+5 RMsl}
HPRegen  0.25/turn              G - ring of flight
MPRegen  0.13/turn              F - +6 ring of strength

@: lethally poisoned (-7 -> -14), sanguine armour, berserk cooldown, slowed,
studying Invocations, heavily drained, repel missiles, very slow
A: hooves 2, fire resistance 1, sanguine armour 1
a: Berserk, Trog's Hand, Brothers in Arms, Burn Spellbooks, Renounce Religion,
Evoke Flight


You were in the Dungeon.
You worshipped Trog.
Trog was exalted by your worship.
You were near starving.

You visited 1 branch

Inventory:

Hand Weapons
 m - a +5 demon trident
 u - a +6 war axe of venom (weapon)
Armour
 b - the +8 chain mail "Zeneink" (worn) {*Corrode +Fly rElec Int+6}
   (You found it in the Dungeon)

   It affects your intelligence (+6).
   It insulates you from electricity.
   It lets you fly.
   It may corrode you when you take damage.
 k - a +7 large shield (worn)
Jewellery
 A - the amulet of the Air (around neck) {Inacc +Fly rElec EV+5 RMsl}
   (You found it in the Dungeon)

   [amulet of inaccuracy]

   It reduces the accuracy of all your attacks.
   It affects your evasion (+5).
   It insulates you from electricity.
   It lets you fly.
   It protects you from missiles.
 F - a +6 ring of strength (right hand)
 G - a ring of flight (left hand)
Wands
 x - a wand of disintegration (7)
 y - a wand of iceblast (7)
 z - a wand of acid (7)
Scrolls
 i - 4 scrolls of blinking
 n - 7 scrolls of fog
 o - 5 scrolls of identify
 p - 5 scrolls of remove curse
 q - 2 scrolls of fear
Potions
 d - 10 potions of curing
 e - 10 potions of heal wounds
 f - 6 potions of haste
 g - 7 potions of magic
 h - 3 potions of berserk rage
 r - 2 potions of brilliance
 s - 2 potions of invisibility
 t - 4 potions of resistance
 v - 5 potions of agility
 w - 5 potions of might
Books
 j - a manual of Invocations
Miscellaneous
 C - a phial of floods
 D - a phial of floods
Comestibles
 c - 7 rations
 l - 6 chunks of flesh


   Skills:
 + Level 12.8(10.9) Fighting
 + Level 13.2(12.1) Axes
 + Level 8.8(10.2) Polearms
 + Level 7.9(6.3) Armour
 + Level 7.2(5.6) Dodging
 + Level 3.1(1.7) Stealth
 + Level 10.1(8.4) Shields
 + Level 2.0(0.6) Unarmed Combat
 + Level 1.8(0.4) Spellcasting
 + Level 3.8(2.3) Invocations


You had 13 spell levels left.
You didn't know any spells.

Dungeon Overview and Level Annotations

Branches:
Dungeon (1/1)

Altars:
Ashenzari
Cheibriados
Dithmenos
Elyvilon
Fedhas
Gozag
Hepliaklqana
Kikubaaqudgha
Makhleb
Nemelex Xobeh
Okawaru
Qazlal
Ru
Sif Muna
Trog
Uskayaw
Vehumet
Wu Jian
Xom
Yredelemnul
Zin
The Shining One
Beogh
Jiyva
Lugonu

Annotations:
D 1 transporter


Innate Abilities, Weirdness & Mutations

You have hoof-like feet.
Your flesh is heat resistant. (rF+)
When seriously injured, your bleeding wounds create armour. (AC +6)


Message History

You hit the earth elemental.
You feel sick.
You block the dire flail of draining's attack.
You block the deep elf mage's attack. The dire flail of draining misses you.
The earth elemental misses you.
You hit the earth elemental but do no damage.
You kick the earth elemental, but do no damage.
The earth elemental is severely damaged.
You closely miss the dire flail of draining.
You feel sick. The dire flail of draining hits you!
You feel drained. The deep elf mage barely misses you.
The dire flail of draining hits you but does no damage.
You feel drained.
You hit the earth elemental. You kick the earth elemental.
The earth elemental is almost destroyed.
You completely miss the dire flail of draining.
You are no longer corroded.
You feel sick. The dire flail of draining hits you!!
* * * LOW HITPOINT WARNING * * *
You feel drained.
You die...

▓▓▓▓▓▓▓▓▓▓▓▓▓▓▓▓▓▓▓
▓...8©8...▓
▓..})[)|..▓
▓...).)[..▓
▓.........▓
▓.........▓
▓.....e...▓
▓..))(....▓
▓..E@)....▓
▓..).©....▓
▓▓▓▓▓▓▓▓▓▓▓


You could see an earth elemental, a deep elf mage and a dire flail of draining.

Vanquished Creatures
  2 dancing weapons (D)
  6 deep elf magi (D)
  A black mamba (D)
  3 komodo dragons (D)
  An ancient zyme (D)
  2 merfolk (D)
  4 hippogriffs (D)
  A water elemental (D)
  A tarantella (D)
  A yak (D)
  An air elemental (D)
  2 fire elementals (D)
  2 hell hounds (D)
  2 necrophages (D)
  2 wolves (D)
  A scorpion (D)
  2 crimson imps (D)
  3 quasits (D)
  An orc priest (D)
  An iron imp (D)
  A river rat (D)
  A shadow imp (D)
  A white imp (D)
  3 ufetubi (D)
  An adder zombie (D)
  3 orcs (D)
  2 bat skeletons (D)
51 creatures vanquished.

Notes
Turn   | Place    | Note
-------+----------+-------------------------------------------
     0 | D        | Found the +6 Majin-Bo {vamp, Archmagi MP+6 Int+6}
     0 | D        | Found the +7 great mace "Firestarter" {inner flame, rF++}
     0 | D        | Fang the Demonspawn Berserker began the quest for the Orb.
     0 | D        | Reached XP level 1. HP: 18/18 MP: 1/1
     3 | D        | Found a blossoming altar of Fedhas.
     5 | D        | Found a viscous altar of Jiyva.
     5 | D        | Found a hazy altar of Hepliaklqana.
     5 | D        | Found a transporter.
     5 | D        | Found an opulent altar of Gozag.
     5 | D        | Found an ancient bone altar of Kikubaaqudgha.
     5 | D        | Found a corrupted altar of Lugonu.
    11 | D        | Found a burning altar of Makhleb.
    13 | D        | Found a sacrificial altar of Ru.
    13 | D        | Found a stormy altar of Qazlal.
    13 | D        | Found a deep blue altar of Sif Muna.
    13 | D        | Found an iron altar of Okawaru.
    13 | D        | Found a bloodstained altar of Trog.
    13 | D        | Found a sparkling altar of Nemelex Xobeh.
    83 | D        | Entered arena 2.
    83 | D        | Noticed a scorpion
    83 | D        | Noticed a tarantella
    83 | D        | Found a transporter.
    88 | D        | Killed a scorpion
    88 | D        | Reached skill level 5 in Fighting
    88 | D        | Reached skill level 4 in Axes
    88 | D        | Gained mutation: When seriously injured, your bleeding wounds create armour. (AC +6) [demonic ancestry]
    88 | D        | Reached XP level 2. HP: 27/27 MP: 2/2
    88 | D        | Gained mutation: You have large cloven feet. [demonic ancestry]
    88 | D        | Reached XP level 3. HP: 33/33 MP: 3/3
    94 | D        | Killed a tarantella
    94 | D        | Reached skill level 6 in Axes
    94 | D        | Reached skill level 1 in Polearms
    94 | D        | Reached skill level 1 in Shields
    94 | D        | Reached XP level 4. HP: 39/43 MP: 4/4
    94 | D        | Reached XP level 5. HP: 44/48 MP: 5/5
   102 | D        | Got the +8 chain mail "Zeneink" {*Corrode +Fly rElec Int+6}
   292 | D        | Entered arena 3.
   292 | D        | Noticed an ancient zyme
   292 | D        | Found a transporter.
   296 | D        | Reached ** piety under Trog
   300 | D        | Killed an ancient zyme
   300 | D        | Reached skill level 8 in Axes
   300 | D        | Reached XP level 6. HP: 57/57 MP: 6/6
   307 | D        | Reached *** piety under Trog
   308 | D        | Got the +6 chain mail "Wusygaig" {rC+}
   340 | D        | Entered arena 4.
   340 | D        | Found a transporter.
   343 | D        | Reached **** piety under Trog
   348 | D        | Reached skill level 5 in Dodging
   348 | D        | Reached XP level 7. HP: 59/63 MP: 7/7
   496 | D        | Entered arena 5.
   496 | D        | Found a transporter.
   498 | D        | Reached skill level 5 in Polearms
   505 | D        | Reached ***** piety under Trog
   526 | D        | Entered arena 6.
   526 | D        | Found a transporter.
   527 | D        | Received a gift from Trog
   533 | D        | Reached skill level 5 in Armour
   539 | D        | Reached skill level 10 in Fighting
   539 | D        | Reached skill level 1 in Spellcasting
   539 | D        | Reached XP level 8. HP: 13/69 MP: 7/10
   839 | D        | Entered arena 7.
   839 | D        | Noticed a deep elf mage
   839 | D        | Noticed a deep elf mage
   839 | D        | Noticed an air elemental
   841 | D        | Noticed a hellwing
   841 | D        | Found a transporter.
   842 | D        | Killed a deep elf mage
   842 | D        | Received a gift from Trog
   842 | D        | Reached skill level 5 in Shields
   845 | D        | Gained mutation: You have hoof-like feet. [demonic ancestry]
   845 | D        | Reached XP level 9. HP: 76/76 MP: 11/11
   852 | D        | Noticed a red devil
   852 | D        | Killed a deep elf mage
   852 | D        | Reached skill level 9 in Axes
   948 | D        | Entered arena 8.
   948 | D        | Noticed a merfolk
   948 | D        | Noticed a merfolk
   949 | D        | Found the amulet of the Air {Inacc +Fly rElec EV+5 RMsl}
   949 | D        | Found a transporter.
   956 | D        | Received a gift from Trog
   958 | D        | Killed a merfolk
   958 | D        | Reached skill level 10 in Axes
   966 | D        | Killed a merfolk
  1147 | D        | Entered arena 9.
  1148 | D        | Found a transporter.
  1155 | D        | Reached ****** piety under Trog
  1155 | D        | Received a gift from Trog
  1185 | D        | Entered arena 10.
  1185 | D        | Noticed a komodo dragon
  1185 | D        | Noticed a komodo dragon
  1185 | D        | Noticed a komodo dragon
  1185 | D        | Noticed a black mamba
  1186 | D        | Found the +10 zealot's sword {holy, *Rage rN+ EV+3}
  1188 | D        | Reached XP level 10. HP: 85/85 MP: 12/12
  1191 | D        | Killed a black mamba
  1191 | D        | Received a gift from Trog
  1194 | D        | Reached skill level 11 in Axes
  1202 | D        | Found a transporter.
  1232 | D        | Received a gift from Trog
  1286 | D        | Entered arena 11.
  1286 | D        | Noticed a deep elf mage
  1286 | D        | Noticed a deep elf mage
  1286 | D        | Noticed a short sword of speed
  1286 | D        | Noticed a deep elf mage
  1286 | D        | Noticed a war axe of electrocution
  1286 | D        | Noticed a deep elf mage
  1286 | D        | Noticed a deep elf mage
  1286 | D        | Noticed a dire flail of draining
  1287 | D        | Noticed an orange demon
  1288 | D        | Found a transporter.
  1292 | D        | Killed a war axe of electrocution
  1293 | D        | Killed a short sword of speed
  1293 | D        | Reached skill level 12 in Axes
  1296 | D        | Killed a deep elf mage
  1296 | D        | Received a gift from Trog
  1301 | D        | Killed a deep elf mage
  1302 | D        | Killed a deep elf mage
  1302 | D        | Reached skill level 13 in Axes
  1302 | D        | Reached skill level 10 in Shields
  1302 | D        | Gained mutation: Your flesh is heat resistant. (rF+) [demonic ancestry]
  1302 | D        | Reached XP level 11. HP: 93/93 MP: 13/13
  1303 | D        | Killed a deep elf mage
  1311 | D        | HP: 1/94 [dire flail of draining (27)]
  1311 | D        | Mangled by a dire flail of draining

Skill      XL: |  1  2  3  4  5  6  7  8  9 10 |
---------------+-------------------------------+-----
Fighting       | 5 7 8 9 10 11 12 | 12.8
Axes           | 4 6 8 10 13 | 13.2
Armour         | 2 3 4 5 7 |  7.9
Dodging        | 2 4 5 6 7 |  7.2
Polearms       | 1 3 4 6 7 8 |  8.8
Shields        | 1 2 4 5 7 10 | 10.1
Stealth        | 2 3 |  3.1
Unarmed Combat | 2 |  2.0
Spellcasting   | 1 |  1.8
Invocations    | 3 |  3.8

Action                   |  1- 3 |  4- 6 |  7- 9 | 10-12 || total
-------------------------+-------+-------+-------+-------++-------
Melee: Demon trident     |     9 |    16 |    27 |       ||    52
       Kick              |       |     5 |    22 |    13 ||    40
       War axe           |       |       |    39 |    35 ||    74
Invok: Berserk           |     1 |     1 |     2 |     2 ||     6
       Burn Spellbooks   |       |     1 |     1 |     1 ||     3
  Use: Potion            |       |       |     1 |       ||     1
       Scroll            |       |       |     5 |       ||     5
  Eat: Chunk             |       |       |     4 |     1 ||     5
Armor: Shadow dragon sca |     4 |       |       |       ||     4
       Chain mail        |       |     2 |    58 |     7 ||    67
Dodge: Dodged            |       |     1 |    31 |    15 ||    47
Block: Large shield      |     6 |    16 |    87 |    54 ||   163
